 Dungeon Crawl Stone Soup version 0.29.0-11-gd7f09526c8 (webtiles) character file.

Game seed: 13861644655453974235

40 RascalDebosk the Cudgeller (level 3, -3/35 HPs)
             Began as a Troll Gladiator on Sept 4, 2022.
             Slain by Crazy Yiuf
             ... wielding a +4 quarterstaff of chaos
              (21 damage)
             ... on level 2 of the Dungeon.
             The game lasted 00:10:58 (788 turns).

RascalDebosk the Cudgeller (Troll Gladiator)         Turns: 788, Time: 00:10:58

Health: -3/35      AC:  6    Str: 22    XL:     3   Next: 30%
Magic:  2/2        EV: 19    Int:  4    God:
Gold:   54         SH:  0    Dex: 13    Spells: 2/2 levels left

rFire   + + .      SeeInvis .   (weapon currently unavailable)
rCold   + + .      Faith    .   (shield currently unavailable)
rNeg    + + +      Spirit   .   (body armour currently unavailable)
rPois   ∞          Reflect  .   (helmet currently unavailable)
rElec   +          Harm     .   (cloak currently unavailable)
rCorr   +          Rampage  .   (gloves unavailable)
Will    .....                   (boots unavailable)
Stlth   +.........              (amulet currently unavailable)
HPRegen 0.91/turn               (ring currently unavailable)
MPRegen 0.08/turn               (ring currently unavailable)

@: mighty, wisp-form, flying
A: insubstantial, flying, no casting, tiny, unfitting armour, (claws 3),
regeneration 1, (shaggy fur 1), (tough skin 1)
a: no special abilities


You were on level 2 of the Dungeon.
You were an insubstantial wisp.
You visited 1 branch of the dungeon, and saw 2 of its levels.

You collected 54 gold pieces.

Inventory:

Hand Weapons
 a - a +0 flail (melded)
Missiles
 d - 3 throwing nets (quivered)
 e - a large rock
Armour
 b - a +0 robe (melded)
 c - a +0 hat (melded)
Jewellery
 k - a ring of positive energy
 l - a ring of ice
Scrolls
 f - a scroll of vulnerability {unknown}
 h - a scroll of enchant armour {unknown}
 i - 2 scrolls of identify {unknown}
Potions
 g - a potion of heal wounds {unknown}
 j - 2 potions of flight {unknown}


   Skills:
 + Level 2.0 Fighting
 + Level 3.0 Maces & Flails
 + Level 2.2 Throwing
 + Level 2.8 Dodging


You had 2 spell levels left.
You didn't know any spells.
Your spell library was empty.

Dungeon Overview and Level Annotations

Branches:
Dungeon (2/15)

Altars:

Annotations:
D:2 Crazy Yiuf


Innate Abilities, Weirdness & Mutations

You are an insubstantial wisp.
Your tiny insubstantial body is highly resistant to most damage types.
You are flying.
Your equipment is entirely melded.
You are incapable of wielding weapons or throwing items.
You cannot cast spells.
You are too large for most types of armour.
((You have claws for hands.))
Your natural rate of healing is unusually fast.
((You are covered in fur. (AC +1)))
((You have tough skin. (AC +1)))


Message History

You kill the kobold!
Found a glass ring.
Things that are here:
a +0 dagger; a kobold corpse
l - a ring of ice Welcome back, RascalDebosk the Troll Gladiator.
Press ? for a list of commands and other information.
Welcome back, RascalDebosk the Troll Gladiator.
Press ? for a list of commands and other information.
Things that are here:
a +0 dagger; a kobold corpse
There is a stone staircase leading down here.
You open the door.
There is an open door here.
There is an open door here.
Found a hammer.
Found a runed translucent door.
Crazy Yiuf shouts!
You open the door.
Crazy Yiuf hits you with a +4 quarterstaff of chaos!
There is an open translucent door here.
You completely miss Crazy Yiuf.
Crazy Yiuf whimpers, "Mugger!
Millenium dark return to song."
Crazy Yiuf drinks a potion.
Crazy Yiuf seems to grow stronger.
You hit Crazy Yiuf.
Crazy Yiuf is lightly wounded.
Crazy Yiuf zaps a wand.
You turn into an insubstantial wisp.
Your +0 flail melds into your body.
Your +0 hat melds into your body.
Your +0 robe melds into your body.
Crazy Yiuf barely misses you.
You touch Crazy Yiuf.
Crazy Yiuf is moderately wounded.
Crazy Yiuf misses you.
You touch Crazy Yiuf but do no damage.
Crazy Yiuf is moderately wounded.
Crazy Yiuf hits you with a +4 quarterstaff of chaos!
You feel very mighty all of a sudden.
You touch Crazy Yiuf!
Crazy Yiuf is severely wounded.
Crazy Yiuf hits you with a +4 quarterstaff of chaos!!
Ouch! That really hurt!
You die...

##### #..)#
#...# #.g.#
#v#
##...####
♣♣.♣
#........#
♣.♣♣
#........#
♣♣.♣
#........#
♣.♣♣
#........#
♣♣.♣♣
#........#
♣...♣
###........#
♣...♣♣
#...........
#....#
#..........#


You could see Crazy Yiuf (strong).

Vanquished Creatures
  3 dart slugs (D:1)
  A bat (D:2)
  3 endoplasms
  A giant cockroach (D:1)
  4 goblins
  2 hobgoblins (D:1)
  2 quokkas (D:1)
  7 ball pythons (D:1)
  2 frilled lizards
  4 kobolds
  4 rats (D:1)
33 creatures vanquished.

Notes
Turn   | Place    | Note
-------+----------+-------------------------------------------
     0 | D:1      | RascalDebosk the Troll Gladiator began the quest for the
                  | Orb.
     0 | D:1      | Reached XP level 1. HP: 19/19 MP: 0/0
   189 | D:1      | Reached XP level 2. HP: 13/28 MP: 1/1
   288 | D:1      | Found a faded altar of an unknown god.
   304 | D:1      | Reached skill level 3 in Maces & Flails
   461 | D:1      | Reached XP level 3. HP: 35/35 MP: 2/2
   778 | D:2      | Found a runed translucent door.
   779 | D:2      | Noticed Crazy Yiuf
   788 | D:2      | Slain by Crazy Yiuf

Illustrated notes

Levels and vault maps discovered:
D:1:      eino_arrival_druids_welcome, layout_basic,
          shapermc_ecumenical_altar_notcrosses
D:2:      layout_basic, basic_altar, minmay_cut_off, uniq_crazy_yiuf_cottage

Skill      XL: |  1  2 |
---------------+-------+-----
Throwing       | 2 |  2.2
Maces & Flails | 3 |  3.0
Fighting       | 2 |  2.0
Dodging        | |  2.8

Action                   || total
-------------------------++-------
Melee: Flail             ||    86
       Unarmed           ||     3
       Punch             ||     1
 Stab: Sleeping          ||     1
Armor: Robe              ||    39
Dodge: Dodged            ||    64
